 Dungeon Crawl Stone Soup version 0.27-a0-811-ga052575696 (webtiles) character file.

Game seed: 9532444422942461937

1655 Hot the Sneak (level 9, -22/47 HPs)
             Began as a Vine Stalker Berserker on Mar 29, 2021.
             Was a Priest of Trog.
             Annihilated by a boulder beetle (42 damage)
             ... on level 6 of the Dungeon.
             The game lasted 00:32:21 (5189 turns).

Hot the Sneak (Vine Stalker Berserker)              Turns: 5189, Time: 00:32:22

Health: -22/47     AC:  6    Str: 28    XL:     9   Next: 0%
Magic:  0/10       EV: 14    Int:  7    God:    Trog [***...]
Gold:   288        SH:  0    Dex: 17    Spells: 8/8 levels left

rFire    . . .     SeeInvis +     - Unarmed
rCold    . . .     Faith    .   (no shield)
rNeg     . . .     Spirit   +   a - +1 animal skin
rPois    .         Reflect  .   p - +0 helmet
rElec    .         Harm     .   j - +1 cloak
rCorr    .         Rampage  .   (no gloves)
Will     ++++.                  (no boots)
Stlth    +++.......             i - amulet of magic regeneration
HPRegen  2.15/turn              b - +6 ring of strength
MPRegen  0.37/turn              h - ring of willpower

@: regenerating
A: fangs 3, regeneration 1, magic shield, antimagic bite, no potion heal 3, see
invisible, blink, strong 1
a: Blink, Renounce Religion, Berserk, Trog's Hand


You were on level 6 of the Dungeon.
You worshipped Trog.
Trog was most pleased with you.
You visited 1 branch of the dungeon, and saw 6 of its levels.

You collected 288 gold pieces.

Inventory:

Armour
 a - a +1 animal skin (worn)
 j - a +1 cloak (worn)
 n - a scarf of repulsion
 p - a +0 helmet (worn)
Jewellery
 b - a +6 ring of strength (left hand)
 e - an amulet of the acrobat
 h - a ring of willpower (right hand)
 i - an amulet of magic regeneration (around neck)
 o - a ring of protection from cold
Wands
 g - a wand of paralysis (25)
 l - a wand of polymorph (2)
Scrolls
 d - 3 scrolls of vulnerability
 m - 2 scrolls of teleportation
 q - 2 scrolls of identify
Potions
 c - 2 potions of heal wounds
 f - a potion of degeneration
 k - 2 potions of flight
 r - 2 potions of curing


   Skills:
 + Level 5.2 Fighting
 + Level 4.3 Armour
 + Level 4.3 Dodging
 + Level 6.3 Stealth
 + Level 5.8 Unarmed Combat


You had 8 spell levels left.
You didn't know any spells.
Your spell library was empty.

Dungeon Overview and Level Annotations

Branches:
Dungeon (6/15)             Temple (0/1) D:6

Altars:
Fedhas
Gozag

Shops:
D:2 (

Annotations:
D:3 exclusion: oklob plant


Innate Abilities, Weirdness & Mutations

You have razor-sharp teeth.
Your natural rate of healing is unusually fast.
When hurt, damage is shared between your health and your magic reserves.
Your bite disrupts and absorbs the magic of your enemies.
Potions cannot restore your health.
You have supernaturally acute eyesight. (SInv)
You can translocate small distances at will.
Your muscles are strong. (Str +2)


Message History

A boulder beetle comes into view.
Found 16 sling bullets and 4 gold pieces.
You see here a staff of fire.
You now have 288 gold pieces (gained 4).
The boulder beetle bites you!!
You hit the boulder beetle but do no damage.
You bite the boulder beetle. You drain its power.
You feel invigorated.
The boulder beetle is lightly wounded.
You hit the boulder beetle.
You bite the boulder beetle, but do no damage.
The boulder beetle is lightly wounded.
The boulder beetle closely misses you.
You barely miss the boulder beetle. You bite the boulder beetle.
You drain its power.
You feel invigorated.
The boulder beetle is lightly wounded.
The boulder beetle leaps!
The boulder beetle curls into a ball and begins rolling!
The boulder beetle barely misses you.
The boulder beetle stops rolling and uncurls.
You hit the boulder beetle but do no damage.
You bite the boulder beetle. You drain its power.
The boulder beetle is lightly wounded.
You hit the boulder beetle but do no damage.
The boulder beetle is lightly wounded.
The boulder beetle closely misses you.
You hit the boulder beetle.
You bite the boulder beetle, but do no damage.
The boulder beetle is lightly wounded.
The boulder beetle bites you!!
You hit the boulder beetle but do no damage.
The boulder beetle is lightly wounded.
The boulder beetle bites you!!
* * * LOW HITPOINT WARNING * * *
Your skin crawls.
You feel strong-willed. The boulder beetle barely misses you.
The boulder beetle curls into a ball and begins rolling!
The boulder beetle hits you!!!
Ouch! That really hurt!
You die...

##.###..........#.........
##....#......).............
#.....#....................
#.........##.............
##..........#.....<.......
#....#..°......#..........
#....#..°....[...........#
#.......B.........>)......
#...#....@................
###.......................
##|....#.##.............
#......................
##..........#..........
#........(###.......##
####.......# #..........
##..##.....


You could see a boulder beetle.

Vanquished Creatures
  Pikel (D:4)
  Edmund (D:5)
  A water moccasin (D:5)
  An ice beast (D:5)
  A phantom (D:5)
  3 lemures (D:4)
  Blork the orc (D:4)
  A bullfrog (D:5)
  2 scorpions (D:4)
  A bullfrog zombie (D:5)
  A hound (D:4)
  2 jellies (D:5)
  A centaur skeleton (D:5)
  3 orc priests
  2 iguanas
  2 orc wizards
  3 howler monkey skeletons
  12 adders
  2 worms (D:2)
  3 dart slugs
  15 orcs
  4 ball pythons
  5 bats
  10 endoplasms
  7 giant cockroaches
  9 goblins
  10 hobgoblins
  3 jackals
  3 quokkas
  8 frilled lizards
  8 kobolds
  10 rats
136 creatures vanquished.

Vanquished Creatures (others)
  8 fungi (D:3)
  15 plants (D:3)
23 creatures vanquished.

Grand Total: 159 creatures vanquished

Notes
Turn   | Place    | Note
-------+----------+-------------------------------------------
     0 | D:1      | Hot the Vine Stalker Berserker began the quest for the Orb.
     0 | D:1      | Reached XP level 1. HP: 11/11 MP: 2/2
   130 | D:1      | Reached XP level 2. HP: 15/16 MP: 1/3
   372 | D:1      | Reached skill level 1 in Stealth
   904 | D:1      | Reached XP level 3. HP: 19/19 MP: 4/4
  1390 | D:2      | Reached ** piety under Trog
  1550 | D:2      | HP: 1/20 [adder (2)]
  1577 | D:2      | Gained mutation: Your natural rate of healing is unusually
                  | fast. [Vine Stalker growth]
  1577 | D:2      | Reached XP level 4. HP: 7/24 MP: 1/5
  1640 | D:2      | Reached skill level 2 in Stealth
  1727 | D:2      | Found an opulent altar of Gozag.
  1797 | D:2      | Identified a scroll of acquirement
  1797 | D:2      | Acquired a ring of willpower
  1889 | D:2      | Found Sikeezxe's Antique Weapon Emporium.
  2379 | D:3      | Reached XP level 5. HP: 11/28 MP: 4/6
  2692 | D:3      | Found a blossoming altar of Fedhas.
  2708 | D:3      | Noticed an oklob plant
  2822 | D:3      | Reached skill level 3 in Stealth
  2832 | D:3      | Reached XP level 6. HP: 20/32 MP: 4/7
  2865 | D:3      | Reached *** piety under Trog
  3840 | D:4      | Noticed Pikel
  3960 | D:4      | Killed Pikel
  3961 | D:4      | Reached skill level 4 in Stealth
  3961 | D:4      | Reached XP level 7. HP: 18/38 MP: 4/8
  3971 | D:4      | Gained mutation: You have supernaturally acute eyesight.
                  | (SInv) [potion of mutation]
  3971 | D:4      | Gained mutation: You can translocate small distances at
                  | will. [potion of mutation]
  3971 | D:4      | Gained mutation: Your muscles are strong. (Str +2) [potion
                  | of mutation]
  4016 | D:4      | Noticed Blork the orc
  4033 | D:4      | Killed Blork the orc
  4034 | D:4      | Gained mutation: You have razor-sharp teeth. [Vine Stalker
                  | growth]
  4034 | D:4      | Reached XP level 8. HP: 37/42 MP: 9/9
  4047 | D:4      | Reached skill level 5 in Stealth
  4047 | D:4      | Reached skill level 5 in Unarmed Combat
  4534 | D:5      | Entered Level 5 of the Dungeon
  4711 | D:5      | Noticed Edmund
  4728 | D:5      | Killed Edmund
  4765 | D:5      | Reached skill level 5 in Fighting
  4765 | D:5      | Reached skill level 6 in Stealth
  5043 | D:5      | Reached XP level 9. HP: 27/47 MP: 10/10
  5127 | D:6      | Found a staircase to the Ecumenical Temple.
  5152 | D:6      | Noticed a boulder beetle
  5189 | D:6      | Annihilated by a boulder beetle

Illustrated notes

Levels and vault maps discovered:
D:1:      sevenhm_arrival_forest_fort_large_2, layout_loops_cross,
          chequers_garden
D:2:      minmay_razor_zed, layout_basic, serial_shops,
          nicolae_shop_overgrown_old_shop, nicolae_gozag_seed_capital
D:3:      layout_loops_ring, tgw_fedhas
D:4:      layout_cave_pods, minmay_quadrilaterals, uniq_pikel,
          uniq_blork_the_orc
D:5:      layout_rooms, kennysheep_generic_room_14, uniq_edmund
D:6:      layout_cave_pools, temple_statues, minmay_three_doors

Skill      XL: |  1  2  3  4  5  6  7  8 |
---------------+-------------------------+-----
Stealth        | 1 2 3 4 6 |  6.3
Fighting       | 3 4 5 |  5.2
Dodging        | 2 3 4 |  4.3
Armour         | 2 3 4 |  4.3
Unarmed Combat | 4 5 |  5.8

Action                   |  1- 3 |  4- 6 |  7- 9 || total
-------------------------+-------+-------+-------++-------
Melee: Unarmed           |   108 |   262 |    99 ||   469
       Bite              |    27 |   113 |    49 ||   189
       Punch             |       |     6 |     2 ||     8
Invok: Berserk           |     1 |     3 |     2 ||     6
       Trog's Hand       |     1 |       |     1 ||     2
  Use: Scroll            |     3 |     3 |     2 ||     8
       Potion            |       |     5 |     1 ||     6
 Stab: Sleeping          |     3 |    13 |     6 ||    22
Armor: Animal skin       |    14 |    37 |    17 ||    68
Dodge: Dodged            |    62 |   103 |    51 ||   216

Table legend: (Time is in decaauts)
 A = Elapsed time spent in this place.
 B = Non-inter-level travel time spent in this place.
 C = Inter-level travel time spent in this place.
 D = Time resting spent in this place.
 E = Time spent auto-exploring this place.
 F = Levels seen in this place.
 G = Mean time per level.
                   A        B        C        D        E       F      G
               +--------+--------+--------+--------+--------+-----+--------+
         Total |   5200 |   4737 |    463 |      0 |   2964 |   6 |  866.7 |
       Dungeon |   5200 |   4737 |    463 |      0 |   2964 |   6 |  866.7 |
               +--------+--------+--------+--------+--------+-----+--------+

Top non-repeatable levels by time:
     D:1: 1297 daAuts
     D:3: 1156 daAuts
     D:4: 1125 daAuts
     D:2: 965 daAuts
     D:5: 594 daAuts
     D:6: 61 daAuts
